 Dungeon Crawl Stone Soup version 0.16.1-4-g8e1b745 (webtiles) character file.

36836 Malachi the Basher (level 13, -11/116 HPs)
             Began as a Green Draconian Ice Elementalist on Mar 26, 2015.
             Was the Champion of Ru.
             Mangled by a seven-headed hydra (14 damage)
             ... on level 8 of the Lair of Beasts on Mar 27, 2015.
             The game lasted 01:17:47 (23115 turns).

Malachi the Basher (DrIE)                          Turns: 23115, Time: 01:17:48

Health: -11/116    AC: 21    Str: 10    XL:     13   Next: 55%
Magic:  25/27      EV: 14    Int: 21    God:    Ru [******]
Gold:   775        SH:  0    Dex: 12    Spells: 4 memorised, 14 levels left

rFire  . . .     SeeInvis .     J - +8 demon whip (flame)
rCold  . . .     Clarity  +     (armour unavailable)
rNeg   . . .     SustAb   .     (shield unavailable)
rPois  +         Gourm    .     m - +2 hat
rElec  .         Spirit   .     Y - +0 cloak
rCorr  .         Warding  .     y - +0 pair of gloves
rMut   .         Stasis   .     q - +2 pair of boots {Stlth+}
MR     .....                    a - amulet of clarity
Stlth  ++++......               (no ring)
                                (ring unavailable)

@: exhausted, icy armour, no scrolls, very slightly contaminated, hasted,
drained, invisible, very quick, not resistant to hostile enchantments, stealthy
A: breathe noxious fumes, unfitting armour, poison resistance, slow healing 1,
cold-blooded, inability to read while threatened, missing a hand, slow reflexes
1, magic vulnerability 1, AC +8
a: Breathe Noxious Fumes, Draw Out Power, Power Leap, Apocalypse, Renounce
Religion


You were on level 8 of the Lair of Beasts.
You worshipped Ru.
Ru was exalted by your worship.
You were very hungry.

You visited 3 branches of the dungeon, and saw 19 of its levels.
You also visited: Sewer and Ossuary.

You collected 775 gold pieces.

Inventory:

Hand weapons
 J - a +8 demon whip of flaming (weapon)
Armour
 m - a +2 hat (worn)
 q - a +2 pair of boots of stealth (worn)
 y - a +0 pair of gloves (worn)
 Y - a +0 cloak (worn)
Magical staves
 A - an uncursed staff of wizardry
Rods
 N - a +1 rod of clouds (12/12)
   (You took it off an orc priest on level 7 of the Dungeon)
Jewellery
 a - an amulet of clarity (around neck)
 k - an uncursed amulet of regeneration
 s - an uncursed ring of stealth
 E - a cursed amulet of stasis
 I - an uncursed amulet of resist corrosion
 W - an uncursed ring of magical power
 X - an uncursed ring of ice
Magical devices
 n - a wand of hasting (1)
 M - a wand of cold (9)
 Z - a wand of fire (4)
Scrolls
 i - 3 scrolls of teleportation
 j - 3 scrolls of amnesia
 l - 4 scrolls of fear
 o - 8 scrolls of fog
 r - 4 scrolls of recharging
 u - a scroll of immolation
 v - 6 scrolls of remove curse
 B - 2 scrolls of vulnerability
 F - 3 scrolls of enchant armour
 K - a scroll of magic mapping
 O - a scroll of blinking
 R - 3 scrolls of identify
Potions
 d - a potion of flight
 e - 4 potions of brilliance
 h - 8 potions of curing
 p - 4 potions of agility
 t - 2 potions of haste
 D - a potion of cancellation
 G - a potion of invisibility
 P - 2 potions of restore abilities
Books
 b - a book of Frost

   Spells                             Type                      Level
   a - Freeze                         Ice                          1
   b - Throw Frost                    Conjuration/Ice              2
   c - Ozocubu's Armour               Charms/Ice                   3
   d - Throw Icicle                   Conjuration/Ice              4
   e - Summon Ice Beast               Ice/Summoning                4
   f - Condensation Shield            Ice                          4
 g - a book of Death

   Spells                             Type                      Level
   a - Corpse Rot                     Necromancy                   2
   b - Sublimation of Blood           Necromancy                   2
   c - Agony                          Necromancy                   5
   d - Dispel Undead                  Necromancy                   5
   e - Excruciating Wounds            Charms/Necromancy            5
   f - Bolt of Draining               Conjuration/Necromancy       5
 w - the Reference Book on Bewitching Attacks
   (You found it on level 8 of the Dungeon)

   Spells                             Type                      Level
   a - Dazzling Spray                 Conjuration/Hexes            3
   b - Conjure Flame                  Conjuration/Fire             3
   c - Force Lance                    Conjuration/Translocation    4
   d - Fulminant Prism                Conjuration/Hexes            4
   e - Bolt of Cold                   Conjuration/Ice              6
 C - a book of Control

   Spells                             Type                      Level
   a - Control Teleport               Charms/Translocation         4
   b - Control Undead                 Necromancy                   4
   c - Enslavement                    Hexes                        4
   d - Metabolic Englaciation         Hexes/Ice                    5
   e - Mass Confusion                 Hexes                        6
 V - a book of Enchantments

   Spells                             Type                      Level
   a - Tukima's Dance                 Hexes                        3
   b - Cause Fear                     Hexes                        4
   c - Silence                        Hexes/Air                    5
   d - Deflect Missiles               Charms/Air                   6
   e - Haste                          Charms                       6
   f - Discord                        Hexes                        8
Miscellaneous
 L - a phial of floods
Comestibles
 c - 6 bread rations
 f - 8 royal jellies
 x - 2 slices of pizza
 z - 8 beef jerkies
 H - 6 meat rations
 S - 53 fruits


   Skills:
 + Level 11.1(10.6) Fighting
   Level 0.6(0.2) Short Blades
 + Level 12.0(11.5) Maces & Flails
   Level 1.5(1.1) Polearms
 + Level 1.1(0.7) Throwing
 + Level 11.2(10.7) Dodging
 + Level 8.3(7.8) Stealth
 + Level 6.3(5.9) Spellcasting
 + Level 1.9(1.5) Conjurations
 + Level 2.4(2.0) Charms
 + Level 6.5(6.0) Ice Magic
 + Level 1.9(1.5) Evocations


You had 14 spell levels left.
You knew the following spells:

 Your Spells              Type           Power        Failure   Level  Hunger
a - Freeze                Ice            ####         1%          1    None
b - Throw Frost           Conj/Ice       ###...       3%          2    None
c - Ozocubu's Armour      Chrm/Ice       ###.....     6%          3    ##.....
d - Throw Icicle          Conj/Ice       ###.....     24%         4    ####...


Dungeon Overview and Level Annotations

Branches:
Dungeon (10/15)            Temple (1/1) D:4            Lair (8/8) D:10
  Swamp (0/5) Lair:5        Snake (0/5) Lair:4          Orc (0/4) D:10
  Slime: Lair:6-8

Altars:
Ashenzari
Cheibriados
Dithmenos
Fedhas
Gozag
Kikubaaqudgha
Makhleb
Nemelex Xobeh
Okawaru
Qazlal
Ru
Sif Muna
Trog
Vehumet
Xom
Yredelemnul
The Shining One

Annotations:
D:3 Grinder


Innate Abilities, Weirdness & Mutations

You can breathe blasts of noxious fumes.
Your lurid green scales are hard (AC +8).
Your body does not fit into most forms of armour.
Your system is resistant to poisons.
You heal slowly when monsters are visible.
Your cold-blooded metabolism reacts poorly to cold.
You cannot read scrolls while threatened.
You are missing a hand.
You have somewhat slow reflexes. (-3 EV)
You are slightly vulnerable to magic.


Message History

The seven-headed hydra bites you!
* * * LOW HITPOINT WARNING * * *
The seven-headed hydra bites you!
* * * LOW HITPOINT WARNING * * *
The seven-headed hydra bites you.
* * * LOW HITPOINT WARNING * * *
The seven-headed hydra misses you.
The seven-headed hydra barely misses you.
The seven-headed hydra bites you but does no damage.
The seven-headed hydra closely misses you.
Drink which item? (? for menu, Esc to quit)
You fade into invisibility!
The seven-headed hydra bites you.
* * * LOW HITPOINT WARNING * * *
You focus your will and blind the seven-headed hydra in retribution!
The seven-headed hydra misses you. The seven-headed hydra bites you.
* * * LOW HITPOINT WARNING * * *
The seven-headed hydra closely misses you.
The seven-headed hydra bites you!
You die...

#.P..P# #D.Y..#
##..÷.## ##...P#
##...###
#P....### #
##....P.## ..#
##....DY##..♣..#
###...@.......#
########♣..##


You could see a seven-headed hydra (blind) and an elephant (wandering).

Vanquished Creatures
  Maud (Lair:4)
  The ghost of Leibowitz the Nimble, a powerful DgGl (Lair:4)
  2 death yaks (Lair:5)
  4 hydras
  Erolcha (D:8)
  The ghost of Stendarr the Zephyrmancer, an experienced HEAE (D:8)
  A wolf spider zombie (D:9)
  3 black mambas
  2 centaur zombies
  11 elephants
  4 spiny frogs
  A queen ant (Lair:8)
  6 komodo dragons
  2 fire drakes
  2 polar bears (Lair:8)
  7 wandering mushrooms (Lair:4)
  A basilisk (Lair:1)
  3 blink frogs (Lair:2)
  27 yaks
  6 wolves
  A hungry ghost (D:10)
  Edmund (D:4)
  A naga (Lair:4)
  7 hippogriffs
  20 soldier ants
  13 water moccasins
  4 sky beasts
  2 ice beasts (D:9)
  3 black bears
  A wasp (D:8)
  10 porcupines
  A boring beetle (D:8)
  6 centaurs
  A necrophage (D:8)
  An orc warrior (D:10)
  4 ogres
  A brain worm (Lair:5)
  7 crocodiles
  Blork the orc (D:5)
  A gnoll sergeant (D:9)
  3 scorpions
  16 giant frogs
  8 killer bees (D:7)
  8 electric eels
  5 crimson imps
  7 wights
  2 goliath beetles
  3 jellies
  A giant frog zombie (D:5)
  A quasit (D:10)
  A human zombie (Ossuary)
  A wasp zombie (D:9)
  A gnoll shaman (D:4)
  2 giant frog skeletons
  9 orc priests
  6 hounds
  4 orc wizards
  Natasha (thrice) (D:3)
  10 iguanas
  26 worker ants
  21 sheep
  2 big kobold zombies (Ossuary)
  Ijyb (D:4)
  A hound skeleton (D:4)
  5 mummies
  10 adders
  12 gnolls
  5 giant mites
  34 river rats
  5 worms
  A shadow imp (D:8)
  An adder skeleton (D:9)
  11 giant geckos
  21 orcs
  A bat skeleton (D:7)
  2 bat zombies
  4 giant cockroaches
  16 hobgoblins
  7 jackals
  15 kobolds
  8 quokkas
  4 ball pythons
  18 bats
  15 giant newts
  2 giant spores
  25 goblins
  A goblin zombie (Ossuary)
  A hobgoblin zombie (Ossuary)
  2 kobold zombies
  2 orc zombies (Ossuary)
  A quokka zombie (D:5)
  19 rats
  2 rat zombies (D:8)
  14 ballistomycetes
  A plant (Lair:6)
579 creatures vanquished.

Vanquished Creatures (others)
  A death yak (Lair:5)
  A yak (Lair:2)
  A wolf (Lair:7)
  A soldier ant (Lair:8)
  A giant frog (Lair:4)
  A killer bee (D:7)
  A worker ant (Lair:8)
  2 orcs
  A giant spore (D:6)
  12 fungi (Lair:7)
  3 plants
25 creatures vanquished.

Grand Total: 604 creatures vanquished

Notes
Turn   | Place    | Note
--------------------------------------------------------------
     0 | D:1      | Malachi, the Draconian Ice Elementalist, began the quest for the Orb.
     0 | D:1      | Reached XP level 1. HP: 14/14 MP: 3/3
   311 | D:1      | Reached XP level 2. HP: 8/20 MP: 1/4
  1279 | D:2      | Reached XP level 3. HP: 20/27 MP: 6/6
  1888 | D:2      | Reached XP level 4. HP: 28/34 MP: 2/8
  2137 | D:2      | Found a radiant altar of Vehumet.
  2320 | D:2      | Reached skill level 1 in Fighting
  2512 | D:3      | Found a burning altar of Makhleb.
  2523 | D:3      | Reached skill level 4 in Ice Magic
  2523 | D:3      | Reached XP level 5. HP: 40/40 MP: 3/11
  2860 | D:3      | Noticed Grinder
  2873 | D:3      | Paralysed by Grinder for 3 turns
  3248 | D:4      | Learned a level 2 spell: Throw Frost
  3469 | D:4      | Reached skill level 1 in Throwing
  3480 | D:4      | Noticed Ijyb
  3498 | D:4      | Killed Ijyb
  3498 | D:4      | Reached XP level 6. HP: 45/47 MP: 1/13
  4446 | D:4      | Reached skill level 5 in Ice Magic
  4510 | D:4      | Found a staircase to the Ecumenical Temple.
  4563 | D:4      | Noticed an ogre
  4570 | D:4      | Killed an ogre
  4570 | D:4      | Your scales start taking on a lurid green colour.
  4570 | D:4      | Gained mutation: Your system is resistant to poisons. [draconian maturity]
  4570 | D:4      | Reached XP level 7. HP: 48/52 MP: 5/17
  4795 | D:4      | Noticed Edmund
  4805 | D:4      | Killed Edmund
  4905 | Temple   | Entered the Ecumenical Temple
  4986 | Temple   | Became a worshipper of Ru the Awakened
  5084 | D:3      | Noticed Natasha
  5103 | D:3      | Killed Natasha
  5250 | D:3      | Noticed Natasha
  5257 | D:3      | Killed Natasha
  5351 | D:3      | Noticed Natasha
  5356 | D:3      | Killed Natasha
  5457 | D:5      | Entered Level 5 of the Dungeon
  5749 | D:5      | Noticed Blork the orc
  5792 | D:5      | Killed Blork the orc
  5792 | D:5      | Reached skill level 1 in Polearms
  5792 | D:5      | Reached skill level 5 in Spellcasting
  6391 | D:6      | Found a glowing drain.
  6398 | D:6      | Reached XP level 8. HP: 59/61 MP: 20/20
  6406 | Sewer    | Entered a sewer
  6483 | Sewer    | Gained mutation: You are slightly vulnerable to magic. [Ru sacrifice]
  6483 | Sewer    | Acquired Ru's first power
  6664 | Sewer    | Got an ancient shortbow
  6672 | Sewer    | Identified the cursed +2 shortbow of Radicalism {freeze, Dex+4} (You found it in a sewer)
  7140 | D:6      | Learned a level 3 spell: Ozocubu's Armour
  7174 | D:6      | Reached skill level 1 in Maces & Flails
  7498 | D:6      | Reached skill level 5 in Dodging
  7657 | D:6      | Reached skill level 6 in Ice Magic
  8207 | D:7      | Identified a +0 rod of clouds (10/10) (You took it off an orc priest on level 7 of the Dungeon)
  8256 | D:7      | Reached XP level 9. HP: 48/71 MP: 21/21
  8557 | D:7      | Gained mutation: You cannot read scrolls while threatened. [Ru sacrifice]
  8557 | D:7      | Acquired Ru's second power
  9673 | D:8      | Noticed Stendarr's ghost (experienced HEAE)
  9675 | D:8      | Noticed Erolcha
  9951 | D:8      | Found a sand-covered staircase.
 10014 | D:8      | Noticed a centaur zombie
 10037 | D:8      | Killed a centaur zombie
 10037 | D:8      | Reached skill level 5 in Fighting
 10196 | Ossuary  | Entered an ossuary
 10259 | Ossuary  | Reached skill level 5 in Maces & Flails
 10295 | Ossuary  | Reached skill level 1 in Evocations
 10535 | D:8      | Killed Stendarr's ghost
 10535 | D:8      | Reached skill level 1 in Charms
 10714 | D:8      | Gained mutation: Scrolls take you a little longer to read. [potion of mutation]
 10714 | D:8      | Gained mutation: Your body is slowly deteriorating. [potion of mutation]
 10714 | D:8      | Gained mutation: Your tail ends in a poisonous barb. [potion of mutation]
 10717 | D:8      | Lost mutation: Scrolls take you a little longer to read. [potion of cure mutation]
 10717 | D:8      | Lost mutation: Your body is slowly deteriorating. [potion of cure mutation]
 10717 | D:8      | Lost mutation: Your tail ends in a poisonous barb. [potion of cure mutation]
 10780 | D:8      | Identified the Reference Book on Bewitching Attacks
 10832 | D:8      | Reached XP level 10. HP: 65/81 MP: 23/23
 11205 | D:8      | Found an ancient bone altar of Kikubaaqudgha.
 11225 | D:8      | Killed Erolcha
 11225 | D:8      | Reached skill level 7 in Dodging
 12197 | D:9      | Found an opulent altar of Gozag.
 12604 | D:9      | Gained mutation: You are missing a hand. [Ru sacrifice]
 12604 | D:9      | Acquired Ru's third power
 12604 | D:9      | Acquired Ru's fourth power
 12604 | D:9      | Acquired Ru's fifth power
 12728 | D:9      | Found a stormy altar of Qazlal.
 12847 | D:10     | Entered Level 10 of the Dungeon
 12896 | D:10     | Found a staircase to the Orcish Mines.
 12967 | D:10     | Found a staircase to the Lair.
 13098 | D:10     | Reached skill level 8 in Dodging
 13986 | Lair:1   | Entered Level 1 of the Lair of Beasts
 14044 | Lair:1   | Reached skill level 5 in Stealth
 14113 | Lair:1   | Reached XP level 11. HP: 40/92 MP: 24/24
 14809 | Lair:1   | Upgraded the game from 0.16.1-2-g95b8d4c to 0.16.1-4-g8e1b745
 15524 | Lair:2   | Reached skill level 9 in Maces & Flails
 16113 | Lair:2   | Gained mutation: You have somewhat slow reflexes. (-3 EV) [Ru sacrifice]
 16453 | Lair:3   | Identified a scroll of acquirement
 17441 | Lair:4   | Reached skill level 10 in Maces & Flails
 17450 | Lair:4   | Reached XP level 12. HP: 97/103 MP: 25/25
 17475 | Lair:4   | Noticed Maud
 17525 | Lair:4   | Killed Maud
 17786 | Lair:4   | Noticed Leibowitz's ghost (powerful DgGl)
 17832 | Lair:4   | Killed Leibowitz's ghost
 18154 | Lair:4   | Noticed a six-headed hydra
 18166 | Lair:4   | Killed a six-headed hydra
 18278 | Lair:4   | Found a staircase to the Snake Pit.
 18533 | Lair:5   | Reached skill level 10 in Dodging
 18578 | Lair:5   | Noticed a five-headed hydra
 18592 | Lair:5   | Killed a five-headed hydra
 19169 | Lair:5   | Reached skill level 10 in Fighting
 19197 | Lair:5   | Reached skill level 11 in Maces & Flails
 19676 | Lair:5   | Found a staircase to the Swamp.
 19912 | Lair:6   | Noticed a seven-headed hydra
 19922 | Lair:6   | Killed a seven-headed hydra
 20071 | Lair:6   | Noticed a six-headed hydra
 20084 | Lair:6   | Killed a six-headed hydra
 20084 | Lair:6   | Reached XP level 13. HP: 53/113 MP: 18/27
 20419 | Lair:6   | Learned a level 4 spell: Throw Icicle
 21693 | Lair:7   | Gained mutation: You heal slowly when monsters are visible. [Ru sacrifice]
 22188 | Lair:8   | Entered Level 8 of the Lair of Beasts
 23051 | Lair:8   | Reached skill level 12 in Maces & Flails
 23057 | Lair:8   | HP: 5/116 [seven-headed hydra (3)]
 23058 | Lair:8   | HP: 1/116 [seven-headed hydra (4)]
 23115 | Lair:8   | HP: 5/116 [seven-headed hydra (3)]
 23115 | Lair:8   | Mangled by a seven-headed hydra

Action                   |  1- 3 |  4- 6 |  7- 9 | 10-12 | 13-15 || total
-------------------------+-------+-------+-------+-------+-------++-------
Melee: Unarmed           |     7 |       |       |       |       ||     7
       Dagger            |    53 |    62 |       |       |       ||   115
       Short sword       |     5 |       |       |       |       ||     5
       Spear             |       |     8 |   162 |       |       ||   170
       Demon whip        |       |       |   362 |   782 |   414 ||  1558
Throw: Tomahawk          |    14 |    11 |     7 |       |       ||    32
       Javelin           |       |     9 |       |       |       ||     9
 Cast: Freeze            |    47 |   105 |    19 |       |       ||   171
       Throw Frost       |       |    14 |    11 |     3 |       ||    28
       Ozocubu's Armour  |       |       |     8 |     9 |     9 ||    26
Invok: Sacrifice Essence |       |       |     1 |       |       ||     1
       Sacrifice Words   |       |       |     1 |       |       ||     1
       Power Leap        |       |       |       |    13 |     5 ||    18
       Sacrifice a Hand  |       |       |       |     1 |       ||     1
       Sacrifice Health  |       |       |       |     1 |       ||     1
       Draw Out Power    |       |       |       |     2 |     3 ||     5
       Reject Sacrifices |       |       |       |     1 |       ||     1
       Sacrifice Purity  |       |       |       |       |     1 ||     1
 Abil: Breathe Noxious F |       |       |     6 |       |       ||     6
Evoke: Rod               |       |       |     5 |     2 |       ||     7
       Wand              |       |       |       |     1 |     1 ||     2
       Phantom mirror    |       |       |       |     1 |       ||     1
  Use: Scroll            |       |     6 |    17 |    15 |     1 ||    39
       Potion            |       |       |    12 |     2 |     4 ||    18
 Stab: Sleeping          |       |     1 |     3 |    20 |     2 ||    26
       Distracted        |       |       |     2 |     2 |     2 ||     6
       Invisible         |       |       |       |    12 |     5 ||    17
       Paralysed         |       |       |       |     8 |     2 ||    10
  Eat: Chunk             |     4 |     8 |    19 |    23 |     7 ||    61
       Bread ration      |       |       |     2 |       |       ||     2
       Royal jelly       |       |       |       |     2 |     1 ||     3
       Fruit             |       |       |       |     1 |       ||     1
       Beef jerky        |       |       |       |     1 |       ||     1
